 Dungeon Crawl Stone Soup version 0.25-a0-1104-g1bb6b8da34 (webtiles) character file.

Game seed: 2890482944352710070, levelgen mode: deterministic

250 Morbidden the Sneak (level 6, 0/32 HPs)
             Began as a Vine Stalker Assassin on May 16, 2020.
             Slain by a mummy (16 damage)
             ... in an ossuary.
             The game lasted 00:09:33 (3060 turns).

Morbidden the Sneak (Vine Stalker Assassin)         Turns: 3060, Time: 00:09:33

Health: 0/32       AC:  5    Str: 14    XL:     6   Next: 13%
Magic:  0/7        EV: 16    Int: 11    God:
Gold:   168        SH:  0    Dex: 17    Spells: 5/5 levels left

rFire    . . .     SeeInvis .   a - +1 dagger (venom)
rCold    . . .     Gourm    .   (no shield)
rNeg     + . .     Faith    .   b - +0 robe
rPois    .         Spirit   +   (no helmet)
rElec    .         Reflect  .   m - +0 cloak
rCorr    .         Harm     .   h - +0 pair of gloves
MR       .....                  d - +0 pair of boots
Stlth    +++.......             (no amulet)
HPRegen  0.50/turn              w - ring of positive energy
MPRegen  0.10/turn              u - +4 ring of evasion

@: marked
A: fangs 2, regeneration 1, magic shield, antimagic bite, no potion heal 3, rot
immunity
a: no special abilities


You were in an ossuary.
You were not hungry.

You visited 1 branch of the dungeon, and saw 4 of its levels.
You also visited: Ossuary.

You collected 168 gold pieces.

Inventory:

Hand Weapons
 a - a +1 dagger of venom (weapon)
Missiles
 r - 4 poisoned darts (quivered)
 s - a curare-tipped dart
Armour
 b - a +0 robe (worn)
 c - a +0 cloak
 d - a +0 pair of boots (worn)
 h - a +0 pair of gloves (worn)
 m - a +0 cloak (worn)
Jewellery
 e - an uncursed ring of see invisible
 p - an uncursed ring of positive energy
 u - a +4 ring of evasion (right hand)
 w - a ring of positive energy (left hand)
 y - an uncursed ring of protection from magic
Scrolls
 i - 2 scrolls of identify
 x - a scroll of enchant armour {unknown}
 z - a scroll of teleportation {unknown}
 A - a scroll of immolation {unknown}
Potions
 g - 3 potions of ambrosia {unknown}
 k - 2 potions of mutation
 l - 5 potions of brilliance {unknown}
 v - a potion of stabbing {unknown}
Comestibles
 f - 8 rations


   Skills:
 * Level 3.0 Fighting
 + Level 2.5 Short Blades
 + Level 3.1 Throwing
 + Level 1.5 Dodging
 + Level 6.4 Stealth
 * Level 0.3 Spellcasting


You had 5 spell levels left.
You didn't know any spells.
Your spell library was empty.

Dungeon Overview and Level Annotations

Branches:
Dungeon (4/15)            Ossuary (1/1)
 Temple: D:4-7

Altars:
Kikubaaqudgha
Makhleb

Annotations:
Ossuary Menkaure


Innate Abilities, Weirdness & Mutations

You have extremely sharp teeth.
Your natural rate of healing is unusually fast.
When hurt, damage is shared between your health and your magic reserves.
Your bite disrupts and absorbs the magic of your enemies.
Potions cannot restore your health.
You are immune to rotting.


Message History

Menkaure calls on the powers of darkness!
Your body is wracked with pain!
You aren't carrying any items that you can evoke.
Unknown command.
As you read the scroll labeled GOACUD UTTOOT, it crumbles to dust.
You feel blessed for a moment.
It was a scroll of remove curse.
Unknown command.
As you read the scroll labeled CUFFEUTORI, it crumbles to dust.
You feel aware of your surroundings.
You sensed 2 shops/portals.
It was a scroll of magic mapping.
Unknown command.
As you read the scroll labeled DEUTHO YBIQE, it crumbles to dust.
Your nose twitches suddenly!
It was a scroll of random uselessness.
The mummy hits you!
Unknown command.
As you read the scroll labeled ITASEWKUPAH, it crumbles to dust.
It is a scroll of amnesia.
You feel forgetful for a moment. The mummy hits you!!
Ouch! That really hurt!
You die...

##..##..## ##..####..##
##..######..## ##..##....##..##
##.^##..##.^##..##
##..##..####..##.^##
##..##..######..##..##
##..##..##MMM.##..##.^##
##^.##..##..##@.##..##..##
##..##..##.M**##..##..##..##
##..##..##.^**,,##.^##..##^^##
#^.##..##.M**,,,,##..##..##..##
.^##..##..**,,,,,,##..##..##.^##
.##..##^.**,^,∩∩,,,##..##..##..##
##^^##,,**,^,,,,,^,^##..##^.##..#
#..##,,**^,,^,,,^,^,^##..##..##..
..##,,**************''##..##..##.


You could see Menkaure and 2 mummies.

Vanquished Creatures
  An orc wizard (D:3)
  An orc priest (D:3)
  2 mummies
  4 gnolls (D:3)
  An adder (D:2)
  2 oozes
  A worm (D:2)
  A dart slug (D:2)
  4 leopard geckos
  6 orcs
  4 bats
  4 giant cockroaches
  5 gnoll zombies (Ossuary)
  3 goblins (D:1)
  13 hobgoblins
  A quokka (D:2)
  A ball python (D:1)
  6 frilled lizards
  3 gnoll skeletons (Ossuary)
  4 goblin skeletons (Ossuary)
  7 goblin zombies (Ossuary)
  5 hobgoblin skeletons (Ossuary)
  A hobgoblin zombie (Ossuary)
  8 kobolds
  6 kobold skeletons (Ossuary)
  4 kobold zombies (Ossuary)
  An orc skeleton (Ossuary)
  3 orc zombies
  3 rats
  3 rat skeletons (Ossuary)
  3 rat zombies (Ossuary)
111 creatures vanquished.

Vanquished Creatures (others)
  A kobold skeleton (Ossuary)
  A rat skeleton (Ossuary)
  A rat zombie (Ossuary)
3 creatures vanquished.

Grand Total: 114 creatures vanquished

Notes
Turn   | Place    | Note
-------+----------+-------------------------------------------
     0 | D:1      | Morbidden the Vine Stalker Assassin began the quest for the
                  | Orb.
     0 | D:1      | Reached XP level 1. HP: 11/11 MP: 2/2
    45 | D:1      | Reached skill level 5 in Stealth
   210 | D:1      | Reached XP level 2. HP: 15/15 MP: 3/3
   486 | D:1      | Reached XP level 3. HP: 16/18 MP: 4/4
   982 | D:2      | Reached skill level 6 in Stealth
  1374 | D:2      | Gained mutation: Your natural rate of healing is unusually
                  | fast. [Vine Stalker growth]
  1374 | D:2      | Reached XP level 4. HP: 17/23 MP: 5/5
  1767 | D:3      | Found a burning altar of Makhleb.
  1777 | D:3      | Reached skill level 1 in Dodging
  1918 | D:3      | Reached XP level 5. HP: 22/27 MP: 6/6
  2419 | D:3      | Found an ancient bone altar of Kikubaaqudgha.
  2683 | D:4      | Found a sand-covered staircase.
  2695 | Ossuary  | Entered an ossuary
  2841 | Ossuary  | Reached XP level 6. HP: 32/32 MP: 7/7
  3054 | Ossuary  | Noticed Menkaure
  3060 | Ossuary  | Slain by a mummy

Illustrated notes

Levels and vault maps discovered:
D:1:      heliophobic_arrival_henge, layout_basic
D:2:      layout_basic
D:3:      layout_rooms, old_standard_altar, nicolae_overflow_crystal_walls,
          serial_rivers, chequers_serial_rivers_micro_c,
          chequers_serial_rivers_micro_d, chequers_serial_rivers_small_3,
          chequers_serial_rivers_large_a, chequers_serial_rivers_micro_b
D:4:      layout_loops_ring, chequers_temple_overflow_minitemple,
          minmay_temple_entry_statues_fountains, first_ration, serial_shops,
          shop, nicolae_ossuary_entry_giza, gammafunk_ghost_nasty_kobolds,
          minmay_fractal_squares_5
Ossuary:  ossuary_due_pyramid

Skill      XL: |  1  2  3  4  5  6 |
---------------+-------------------+-----
Stealth        | 5 6 |  6.4
Fighting       | 2 3 |  3.0
Throwing       | 2 3 |  3.1
Short Blades   | 2 |  2.5
Dodging        | 1 |  1.5
Spellcasting   | |  0.3

Action                   |  1- 3 |  4- 6 || total
-------------------------+-------+-------++-------
Melee: Dagger            |    82 |   172 ||   254
       Bite              |    27 |    89 ||   116
       Spear             |     8 |    51 ||    59
Throw: Dart              |    37 |    10 ||    47
  Use: Scroll            |     1 |     5 ||     6
 Stab: Sleeping          |     1 |     3 ||     4
       Distracted        |     1 |     2 ||     3
  Eat: Chunk             |     1 |     4 ||     5
       Ration            |       |     1 ||     1
Armor: Robe              |    14 |    18 ||    32
Dodge: Dodged            |    47 |   139 ||   186

Table legend:
 A = Non-vault XP
 B = Vault XP
 C = Vault XP percentage of total XP
 D = Non-vault monster count
 E = Vault monster count
 F = Vault count percentage of total count
                 A         B        C        D         E       F
            +---------+---------+-------+---------+---------+-------
      Total |     281 |      77 |  21.5 |      64 |      45 |  41.3
            +---------+---------+-------+---------+---------+-------
        D:1 |      48 |       0 |   0.0 |      23 |       0 |   0.0
        D:2 |      53 |       0 |   0.0 |      19 |       0 |   0.0
        D:3 |     180 |       0 |   0.0 |      22 |       0 |   0.0
        D:4 |       0 |      19 | 100.0 |       0 |       2 | 100.0
    Ossuary |       0 |      58 | 100.0 |       0 |      43 | 100.0
            +---------+---------+-------+---------+---------+-------
